 Dungeon Sprint DCSS version 0.27-a0-1525-g1038ab4fd7 (webtiles) character file.

Game seed: 13021474930895646127

1225 mhtbhm the Blocker (level 8, -7/80 HPs)
             Began as a Minotaur Fighter on July 10, 2021.
             Was a Believer of Qazlal.
             Mangled by a two-headed ogre (23 damage)
             ... in the Dungeon (Sprint IX: "|||||||||||||||||||||||||||||").
             The game lasted 00:01:21 (819 turns).

mhtbhm the Blocker (Minotaur Fighter)                Turns: 819, Time: 00:01:21

Health: -7/80      AC: 10    Str: 24    XL:     8   Next: 23%
Magic:  8/10       EV: 15    Int:  5    God:    Qazlal [**....]
Gold:   0          SH: 15    Dex:  9    Spells: 7/7 levels left

rFire    . . .     SeeInvis .   a - +0 trident
rCold    . . .     Faith    .   c - +0 kite shield
rNeg     . . .     Spirit   .   b - +2 ring mail
rPois    .         Reflect  .   (helmet restricted)
rElec    .         Harm     .   m - +0 cloak
rCorr    .         Rampage  .   (no gloves)
Will     .....     NoTele   +   (no boots)
Stlth    ..........             (no amulet)
HPRegen  0.23/turn              n - +2 ring of evasion
MPRegen  0.12/turn              o - +2 ring of evasion

@: no status effects
A: horns 2, retaliatory headbutt
a: Renounce Religion, Upheaval


You were in the Dungeon.
You worshipped Qazlal.
Qazlal was pleased with you.
You visited 1 branch

Inventory:

Hand Weapons
 a - a +0 trident (weapon)
Armour
 b - a +2 ring mail (worn)
 c - a +0 kite shield (worn)
 m - a +0 cloak (worn)
Jewellery
 n - a +2 ring of evasion (left hand)
 o - a +2 ring of evasion (right hand)
Wands
 l - a wand of iceblast (7)
Scrolls
 j - 2 scrolls of blinking
 k - 2 scrolls of amnesia
Potions
 d - a potion of might
 e - 5 potions of curing
 g - a potion of haste
 h - 4 potions of magic
 i - a potion of invisibility


   Skills:
 + Level 10.4 Fighting
 + Level 10.4 Polearms
 + Level 10.3 Armour
 + Level 4.5 Dodging
 + Level 11.3 Shields
 * Level 4.3 Invocations
 + Level 1.5 Evocations


You had 7 spell levels left.
You didn't know any spells.
Your spell library was empty.

Dungeon Overview and Level Annotations

Branches:
Dungeon (1/1)

Altars:
Cheibriados
Dithmenos
Elyvilon
Fedhas
Gozag
Hepliaklqana
Kikubaaqudgha
Makhleb
Nemelex Xobeh
Okawaru
Qazlal
Ru
Sif Muna
Trog
Uskayaw
Vehumet
Wu Jian
Xom
Yredelemnul
Zin
The Shining One
Beogh
Jiyva
Lugonu


Innate Abilities, Weirdness & Mutations

You have a pair of horns on your head.
You reflexively headbutt those who attack you in melee.


Message History

The manticore closely misses you. The manticore barely misses you.
You block the manticore's attack.
You hit the manticore.
You kill the manticore!
Qazlal accepts your kill.
Your Polearms skill increases to level 10!
Your Shields skill increases to level 11!
Your Invocations skill increases to level 4!
You have reached level 8!
You feel stronger.
You barely miss the two-headed ogre. You block the two-headed ogre's attack.
The two-headed ogre misses you.
You hit the two-headed ogre but do no damage.
You headbutt the two-headed ogre!
The two-headed ogre is lightly wounded.
The two-headed ogre barely misses you. You furiously retaliate!
You headbutt the two-headed ogre! You block the two-headed ogre's attack.
You hit the two-headed ogre but do no damage.
You headbutt the two-headed ogre!
The two-headed ogre is heavily wounded.
You hit the two-headed ogre. You headbutt the two-headed ogre!
The two-headed ogre is severely wounded.
You block the two-headed ogre's attack. x2
You puncture the two-headed ogre!
The two-headed ogre is almost dead.
The two-headed ogre hits you with a +0 giant club.
The two-headed ogre barely misses you.
You hit the two-headed ogre but do no damage.
The two-headed ogre is almost dead.
You hit the two-headed ogre but do no damage.
The two-headed ogre is almost dead.
The two-headed ogre hits you with a +0 giant club!!
* * * LOW HITPOINT WARNING * * *
The two-headed ogre hits you with a +0 giant spiked club.
* * * LOW HITPOINT WARNING * * *
You barely miss the two-headed ogre.
The two-headed ogre is almost dead.
You block the two-headed ogre's attack.
The two-headed ogre hits you with a +0 giant spiked club!!
You die...

▓.▓
▓.▓
▓.▓
▓.▓
▓u▓
▓Q▓
▓O▓
▓@▓
▓.▓
▓.▓
▓)▓
▓)▓
▓)▓
▓)▓
▓.▓
▓.▓


You could see a purple ugly thing, a tengu warrior and a two-headed ogre.

Vanquished Creatures
  A manticore (D)
  2 wraiths (D)
  2 orc warriors (D)
  A black bear (D)
  A kobold brigand (D)
  A scorpion (D)
  A gnoll sergeant (D)
  A hound (D)
  An orc priest (D)
  An adder skeleton (D)
  A dart slug (D)
  A worm (D)
  A goblin (D)
  A kobold (D)
  A quokka (D)
  A rat (D)
18 creatures vanquished.

Vanquished Creatures (others)
  An orc wizard (D)
1 creature vanquished.

Grand Total: 19 creatures vanquished

Notes
Turn   | Place    | Note
-------+----------+-------------------------------------------
     0 | D        | mhtbhm the Minotaur Fighter began the quest for the Orb.
     0 | D        | Reached XP level 1. HP: 19/19 MP: 0/0
     7 | D        | Reached skill level 4 in Shields
    10 | D        | Banished a spatial maelstrom
    22 | D        | Noticed a scorpion
    22 | D        | Noticed a hound
    22 | D        | Noticed a black bear
    27 | D        | Killed a black bear
    28 | D        | Reached skill level 6 in Shields
    28 | D        | Reached XP level 2. HP: 31/31 MP: 1/1
    28 | D        | Reached XP level 3. HP: 38/38 MP: 2/2
    28 | D        | Reached XP level 4. HP: 45/45 MP: 3/3
    33 | D        | Reached skill level 1 in Dodging
    33 | D        | Reached skill level 7 in Shields
    34 | D        | Killed a scorpion
    35 | D        | Reached skill level 5 in Polearms
    35 | D        | Reached XP level 5. HP: 53/53 MP: 4/4
    46 | D        | Found a snail-covered altar of Cheibriados.
    46 | D        | Found a shadowy altar of Dithmenos.
    46 | D        | Found a white marble altar of Elyvilon.
    46 | D        | Found a blossoming altar of Fedhas.
    46 | D        | Found an opulent altar of Gozag.
    47 | D        | Found a hazy altar of Hepliaklqana.
    48 | D        | Found a viscous altar of Jiyva.
    49 | D        | Found an ancient bone altar of Kikubaaqudgha.
    50 | D        | Found a corrupted altar of Lugonu.
    51 | D        | Found a burning altar of Makhleb.
    52 | D        | Found a sparkling altar of Nemelex Xobeh.
    53 | D        | Found an iron altar of Okawaru.
    54 | D        | Found a stormy altar of Qazlal.
    55 | D        | Found a sacrificial altar of Ru.
    56 | D        | Found a shimmering blue altar of Sif Muna.
    57 | D        | Found a bloodstained altar of Trog.
    58 | D        | Found a hide-covered altar of Uskayaw.
    59 | D        | Found a radiant altar of Vehumet.
    60 | D        | Found an ornate altar of the Wu Jian Council.
    61 | D        | Found a shimmering altar of Xom.
    62 | D        | Found a basalt altar of Yredelemnul.
    63 | D        | Found a glowing silver altar of Zin.
    66 | D        | Became a worshipper of Qazlal Stormbringer
    69 | D        | Found a glowing golden altar of the Shining One.
   127 | D        | Noticed an orc warrior
   127 | D        | Noticed an orc warrior
   138 | D        | Killed an orc warrior
   139 | D        | Reached skill level 8 in Shields
   139 | D        | Reached XP level 6. HP: 45/62 MP: 5/5
   147 | D        | Reached * piety under Qazlal
   148 | D        | Reached skill level 9 in Shields
   165 | D        | Killed an orc warrior
   173 | D        | Reached XP level 7. HP: 38/71 MP: 6/6
   327 | D        | Noticed a purple ugly thing
   327 | D        | Noticed a tengu warrior
   327 | D        | Noticed a two-headed ogre
   327 | D        | Noticed a manticore
   327 | D        | Noticed a wraith
   327 | D        | Noticed a wraith
   343 | D        | Killed a wraith
   343 | D        | Reached ** piety under Qazlal
   344 | D        | Reached skill level 10 in Fighting
   344 | D        | Reached skill level 10 in Shields
   344 | D        | Reached skill level 1 in Evocations
   354 | D        | Killed a wraith
   355 | D        | Reached skill level 10 in Armour
   811 | D        | Killed a manticore
   812 | D        | Reached skill level 10 in Polearms
   812 | D        | Reached skill level 11 in Shields
   812 | D        | Reached XP level 8. HP: 46/80 MP: 8/10
   819 | D        | Mangled by a two-headed ogre

Illustrated notes

Levels and vault maps discovered:
D:        linesprint [early_d, line_temple, items_1, d_10, items_2, lair_1,
          lair_end, items_3, orc_1, orc_end, items_4, d_15, swamp_1, shoals_1,
          snake_1, spider_1, d_20, vaults_1, items_5, swamp_end, shoals_end,
          snake_end, spider_end, vaults_end, d_27, items_6, zot_1, zot_end,
          crypt_end, forest_end, elf_end, slime_end, tomb_end, abyss_end,
          pan_hell_end]

Skill      XL: |  1  2  3  4  5  6  7 |
---------------+----------------------+-----
Fighting       | 6 7 8 9 10 | 10.4
Armour         | 6 7 8 9 10 | 10.3
Shields        | 6 7 8 9 11 | 11.3
Polearms       | 4 5 6 8 10 | 10.4
Dodging        | 1 2 3 4 |  4.5
Invocations    | 4 |  4.3
Evocations     | 1 |  1.5

Action                   |  1- 3 |  4- 6 |  7- 9 || total
-------------------------+-------+-------+-------++-------
Melee: Trident           |    16 |    48 |    48 ||   112
       Headbutt          |     2 |     9 |    10 ||    21
Evoke: Wand              |       |     3 |       ||     3
  Use: Potion            |     1 |     3 |       ||     4
Armor: Scale mail        |     9 |     4 |       ||    13
       Ring mail         |       |     6 |     6 ||    12
Dodge: Dodged            |     6 |    13 |    17 ||    36
Block: Kite shield       |     5 |    27 |    39 ||    71

Table legend: (Time is in decaauts)
 A = Elapsed time spent in this place.
 B = Non-inter-level travel time spent in this place.
 C = Inter-level travel time spent in this place.
 D = Time resting spent in this place.
 E = Time spent auto-exploring this place.
 F = Levels seen in this place.
 G = Mean time per level.
                   A        B        C        D        E       F      G
               +--------+--------+--------+--------+--------+-----+--------+
         Total |    851 |    851 |      0 |    594 |      3 |   1 |  851.0 |
       Dungeon |    851 |    851 |      0 |    594 |      3 |   1 |  851.0 |
               +--------+--------+--------+--------+--------+-----+--------+

Top non-repeatable levels by time:
       D: 851 daAuts
